[Event "Team 45 45 League T72"]
[Site "Internet Chess Club"]
[Date "2017.03.20"]
[Round "1"]
[White "clarinetref"]
[Black "krysto"]
[Result "0-1"]
[WhiteElo "1562"]
[BlackElo "1613"]
[Opening "French: Chigorin variation"]
[ECO "C00"]
[Time "10:05:55"]
[TimeControl "2700+45"]

1. e4 e6 2. Qe2 Be7 3. c4 d5 4. d4 dxe4 5. Qxe4 Nf6 6. Qd3 c5 7. Nf3 Nc6 8. Be3
Nb4 9. Qd2 Ne4 10. Qc1 Qa5 11. Nc3 cxd4 12. Bxd4 Nc5 13. Bxc5 Qxc5 14. a3 Nc6
15. b4 Qf5 16. Qe3 b6 17. Bd3 Qf6 18. Rc1 Bb7 19. Ne4 Qb2 20. Be2 Ne5 21. O-O
Nxf3+ 22. Bxf3 Bxe4 23. Bxe4 Rc8 24. Rc2 Qf6 25. Qb3 O-O 26. a4 Rfd8 27. a5 bxa5
28. bxa5 Rb8 29. Qe3 Rd4 30. c5 Bd8 31. a6 e5 32. Bb7 Bc7 33. c6 Qd6 34. g3 Bb6
35. Qc3 Bc7 36. Re1 Rd8 37. Qc5 Qxc5 38. Rxc5 f6 39. Kg2 Kf7 40. Rc3 Rd3 41. Rc2
Rd2 42. Re2 Rxe2 43. Rxe2 f5 44. Rb2 e4 45. h4 Kf6 46. Ba8 Rxa8 47. Rb7 Bb6 48.
Rd7 Rc8 49. Rd6+ Ke5 50. Rd7 Rc7 51. Rxc7 Bxc7 52. Kf1 Kd6 53. Ke2 Kxc6 54. Ke3
Kb6 55. f4 Kxa6 {White resigns} 0-1

[Event "Team 45 45 League T72"]
[Site "Internet Chess Club"]
[Date "2017.03.18"]
[Round "1"]
[White "JJ12"]
[Black "captainX"]
[Result "1/2-1/2"]
[WhiteElo "2094"]
[BlackElo "2098"]
[Opening "Caro-Kann: classical variation"]
[ECO "B18"]
[Time "10:04:38"]
[TimeControl "2700+45"]

1. e4 c6 2. d4 d5 3. Nc3 dxe4 4. Nxe4 Bf5 5. Ng3 Bg6 6. Nf3 Nd7 7. Bd3 Ngf6 8.
Bg5 e6 9. Qe2 Qa5+ 10. Bd2 Qc7 11. c4 Bxd3 12. Qxd3 Bd6 13. O-O-O O-O-O 14. Qc2
e5 15. c5 Bf8 16. Bc3 exd4 17. Bxd4 h6 18. Kb1 b6 19. cxb6 axb6 20. Rhe1 Bd6 21.
Nf5 Bb4 22. Re3 g6 23. Ng3 Rhe8 24. Rc1 Kb7 25. a3 Rxe3 26. fxe3 Bc5 27. Qb3
Bxd4 28. Nxd4 Ne5 29. Nge2 Qd6 30. Nc3 Nfd7 31. Na4 c5 32. Nb5 Qd3+ 33. Qxd3
Nxd3 34. Rd1 N7e5 35. Rf1 f5 36. Ka2 Ng4 37. e4 Nxh2 38. Rh1 Ng4 39. exf5 gxf5
40. Rh5 Kc6 41. Na7+ Kb7 42. Nb5 Kc6 43. Na7+ Kb7 44. Nb5 {Game drawn by
repetition} 1/2-1/2

[Event "Team 45 45 League T72"]
[Site "Internet Chess Club"]
[Date "2017.03.26"]
[Round "1"]
[White "kamalchandran"]
[Black "roji"]
[Result "1-0"]
[WhiteElo "1965"]
[BlackElo "1891"]
[Opening "Sicilian: Kan, 5.Nc3"]
[ECO "B43"]
[Time "08:55:20"]
[TimeControl "2700+45"]

1. e4 c5 2. Nf3 e6 3. d4 cxd4 4. Nxd4 a6 5. Nc3 Qc7 6. Be3 Bb4 7. Qd2 Nf6 8. f3
d5 9. exd5 Nxd5 10. Nde2 Nxe3 11. Qxe3 O-O 12. a3 Bc5 13. Qf4 e5 14. Qh4 Rd8 15.
Ng3 Be3 16. Bd3 g6 17. Nge4 Nd7 18. Nd5 Qa5+ 19. b4 Qxd5 20. Qxd8+ Kg7 21. Rd1
Bb6 22. Qe7 Qd4 23. Kf1 Nf8 24. Be2 Qb2 25. Qf6+ {Black resigns} 1-0

[Event "Team 45 45 League T72"]
[Site "Internet Chess Club"]
[Date "2017.03.26"]
[Round "1"]
[White "LooneyBinJim"]
[Black "Percival"]
[Result "0-1"]
[WhiteElo "1794"]
[BlackElo "1990"]
[Opening "French: advance, Paulsen attack"]
[ECO "C02"]
[Time "08:05:14"]
[TimeControl "2700+45"]

1. e4 e6 2. d4 d5 3. e5 c5 4. c3 Nc6 5. Nf3 Qb6 6. Be2 Nh6 7. Bxh6 gxh6 8. Qd2
Bg7 9. O-O O-O 10. Na3 Bd7 11. Nc2 cxd4 12. cxd4 f6 13. exf6 Rxf6 14. Ne3 Raf8
15. Ng4 Rf4 16. Nfe5 Nxe5 17. dxe5 Qb4 18. Qxb4 Rxb4 19. b3 h5 20. Nf6+ Bxf6 21.
exf6 h4 22. Rac1 Bc6 23. h3 Rxf6 24. Rfd1 a5 25. Rc3 a4 26. Rdc1 Rf8 27. Bg4 Rf6
28. bxa4 Rxa4 29. Re1 Kf7 30. Rce3 Bd7 31. Rb3 b5 32. a3 Ke7 33. Re5 h6 34. Be2
Kd6 35. Ree3 d4 36. Re4 Kc5 37. Bd3 Bc6 38. Rxh4 Ra5 39. Rh5+ Bd5 40. Rb4 Rxa3
41. Rxb5+ Kc6 42. Bf1 Ra1 43. Rb2 e5 44. Rxe5 Bc4 45. Rc2 Rxf1+ 46. Kh2 Kd6 47.
Ra5 Bd5 48. Ra6+ Ke5 49. Re2+ Kf5 50. Ra3 Rd1 51. Rb2 Rd6 52. Ra5 Kf6 53. Kg3 d3
54. Ra3 Be6 {White forfeits on time} 0-1

[Event "Team 45 45 League T72"]
[Site "Internet Chess Club"]
[Date "2017.03.20"]
[Round "1"]
[White "LinceHispano44"]
[Black "achessman"]
[Result "0-1"]
[WhiteElo "1761"]
[BlackElo "1936"]
[Opening "QGD Slav: 4.e3 Bf5"]
[ECO "D12"]
[Time "21:09:54"]
[TimeControl "2700+45"]

1. Nf3 Nf6 2. c4 c6 3. e3 d5 4. d4 Bf5 5. Nc3 e6 6. Bd3 Bxd3 7. Qxd3 Be7 8. e4
dxe4 9. Nxe4 O-O 10. O-O Nxe4 11. Qxe4 Nd7 12. Rd1 Nf6 13. Qe2 Qa5 14. Bd2 Qf5
15. Qe5 Rfd8 16. Qxf5 exf5 17. h4 Ne4 18. Bg5 Bxg5 19. hxg5 Rd6 20. Rd3 Rad8 21.
Rad1 Kf8 22. Kf1 Rg6 23. Ne5 Rxg5 24. d5 c5 25. Ra3 a6 26. Rb3 Nd6 27. Rbd3 Rh5
28. Kg1 f6 29. Nc6 Rd7 30. Na5 b6 31. Nc6 Nxc4 32. Rc3 Nd6 33. f4 g5 34. Re3 Ne4
35. Nb8 Rd6 36. Nxa6 gxf4 37. Ra3 Rg5 38. Nc7 Rg3 39. Ra8+ Kf7 40. Nb5 Rd7 41.
Rf1 Rxd5 42. Rxf4 Rd2 43. Rxf5 Rgxg2+ 44. Kf1 Ng3+ {White resigns} 0-1

[Event "Team 45 45 League T72"]
[Site "Internet Chess Club"]
[Date "2017.03.21"]
[Round "1"]
[White "Holgate"]
[Black "KidRattler"]
[Result "1-0"]
[WhiteElo "2003"]
[BlackElo "1593"]
[Opening "Scandinavian (center counter) defense"]
[ECO "B01"]
[Time "15:00:14"]
[TimeControl "2700+45"]

1. e4 d5 2. exd5 Qxd5 3. Nc3 Qa5 4. d4 c6 5. Bc4 Nf6 6. Nf3 Bg4 7. h3 Bh5 8. O-O
e6 9. g4 Bg6 10. Ne5 Bd6 11. Qe2 Nbd7 12. Nxd7 Kxd7 13. g5 Nh5 14. Ne4 Qf5 15.
Nxd6 Kxd6 16. Kh2 Qxc2 17. Qe5+ Kd7 18. Be2 Qf5 19. Qe3 h6 20. f4 hxg5 21. fxg5
Qd5 22. Bg4 f5 23. Bf3 Qd6+ 24. Qe5 Qxe5+ 25. dxe5 Kc7 26. Be3 f4 27. Bxh5 Rxh5
28. Rxf4 Bf5 29. h4 Rd8 30. Kg3 Rd5 31. Bd4 c5 32. Bc3 Rd3+ 33. Kg2 Kc6 34. Re1
Kd5 35. Re2 Rh3 36. Be1 Rd3 37. Bg3 b5 38. Rff2 Be4+ 39. Kh2 c4 40. Rf7 Kc5 41.
Rxe4 a5 42. Rxg7 Rd2+ 43. Kh3 Rxb2 44. Rf7 Kd5 45. Re1 c3 46. Kg4 Rh8 47. g6 Rg8
48. h5 c2 49. Rc7 Rxa2 50. Rc1 Ra4+ 51. Kg5 Ra3 52. Bf4 Ke4 53. R7xc2 Rh3 54. h6
Rf8 55. g7 Rg8 56. Re1+ Kd3 57. Rd2+ Kc3 58. Rf2 b4 59. Kg6 b3 60. h7 Rxh7 61.
Kxh7 Rxg7+ 62. Kxg7 a4 63. Bc1 a3 64. Bxa3 b2 65. Bxb2+ Kb3 66. Re3+ Kc4 67. Kf6
Kd5 68. Rd2+ Kc4 69. Kxe6 Kb5 70. Rb3+ Kc4 71. Rc3+ Kb4 72. Kd5 Kb5 73. Rd4 Kb6
74. Rb4+ Ka5 75. Kc5 Ka6 76. Ra3# {Black checkmated} 1-0

[Event "Team 45 45 League T72"]
[Site "Internet Chess Club"]
[Date "2017.03.19"]
[Round "1"]
[White "Agarnez"]
[Black "SlimeDog2"]
[Result "0-1"]
[WhiteElo "1974"]
[BlackElo "2102"]
[Opening "Grünfeld: 5.Bf4"]
[ECO "D92"]
[Time "23:04:21"]
[TimeControl "2700+45"]

1. d4 Nf6 2. c4 g6 3. Nc3 d5 4. Nf3 Bg7 5. Bf4 O-O 6. Rc1 Nh5 7. Be5 f6 8. Bg3
Nxg3 9. hxg3 dxc4 10. e4 Be6 11. d5 Bf7 12. e5 b5 13. Nxb5 c6 14. dxc6 Qa5+ 15.
Nc3 Nxc6 16. Qa4 Qb6 17. Bxc4 Nxe5 18. Nxe5 fxe5 19. b3 Rad8 20. Ne4 Rd4 21. Ng5
Bxc4 22. Rxc4 Rd2 23. Kxd2 Rxf2+ 24. Kd3 Qd6+ 25. Ke4 Re2+ 26. Kf3 Qd3+ 27. Kg4
Qf5+ 28. Kh4 h6 29. Rc8+ Bf8 30. Qg4 hxg5+ 31. Qxg5 Qxc8 32. Qxg6+ Bg7 33. Kg5
Rf2 34. Qh7+ Kf7 35. Qg6+ Kf8 36. Rh7 Rf7 37. g4 Qc1+ 38. Kh5 Qh1+ 39. Kg5 Bf6+
40. Kf5 Qxh7 {White resigns} 0-1

[Event "Team 45 45 League T72"]
[Site "Internet Chess Club"]
[Date "2017.03.22"]
[Round "1"]
[White "Rhel"]
[Black "roji"]
[Result "1/2-1/2"]
[WhiteElo "1760"]
[BlackElo "1905"]
[Opening "King's Indian: London system"]
[ECO "A48"]
[Time "18:40:51"]
[TimeControl "2700+45"]

1. d4 Nf6 2. Nf3 g6 3. Bf4 Bg7 4. e3 O-O 5. Be2 d6 6. h3 Nbd7 7. O-O Qe8 8. Bh2
e5 9. c4 Ne4 10. Nc3 Nxc3 11. bxc3 f5 12. Qc2 f4 13. exf4 exf4 14. Rfe1 c5 15.
Bd3 Qd8 16. Re4 {Game drawn by mutual agreement} 1/2-1/2

[Event "Team 45 45 League T72"]
[Site "Internet Chess Club"]
[Date "2017.03.16"]
[Round "1"]
[White "drbishop"]
[Black "qs16"]
[Result "1/2-1/2"]
[WhiteElo "1738"]
[BlackElo "1736"]
[Opening "QGD Slav: 3.Nf3"]
[ECO "D11"]
[Time "14:31:45"]
[TimeControl "2700+45"]

1. d4 d5 2. c4 c6 3. Nf3 Bf5 4. e3 e6 5. Nc3 Nd7 6. Be2 Bd6 7. O-O Ngf6 8. Bd2
O-O 9. Nh4 Bg6 10. Nxg6 hxg6 11. Qb3 Qc7 12. g3 a6 13. cxd5 cxd5 14. Rac1 Qb6
15. Na4 Qxb3 16. axb3 Rac8 17. Ba5 b5 18. Nb6 Nxb6 19. Bxb6 Ne4 20. Ba5 g5 21.
f3 Nf6 22. Rc3 b4 23. Rcc1 g6 24. Bb6 Nd7 25. Ba5 Nb8 26. e4 Rc6 27. e5 Be7 28.
Rxc6 Nxc6 29. Bb6 Rb8 30. Bc5 Bxc5 31. dxc5 a5 32. f4 gxf4 33. gxf4 Nd4 34. Bd1
Rc8 35. Kf2 Rxc5 36. Ke3 Nf5+ 37. Kd3 Rc1 38. Kd2 Rc5 39. Be2 Nd4 40. Bd1 Nf5
41. Be2 Kg7 42. Ra1 Nh4 43. Rf1 Nf5 44. Ra1 Ne7 45. Kd3 Nf5 46. Kd2 {Game drawn
by repetition} 1/2-1/2

[Event "Team 45 45 League T72"]
[Site "Internet Chess Club"]
[Date "2017.03.20"]
[Round "1"]
[White "AVEMARIA"]
[Black "WillC"]
[Result "1-0"]
[WhiteElo "1742"]
[BlackElo "1633"]
[Opening "Sicilian: Najdorf, Opocensky variation"]
[ECO "B92"]
[Time "16:31:35"]
[TimeControl "2700+45"]

1. e4 c5 2. Nf3 d6 3. d4 cxd4 4. Nxd4 Nf6 5. Nc3 a6 6. Be2 Nc6 7. Be3 e5 8. Nf3
Be7 9. O-O Be6 10. a4 d5 11. exd5 Nxd5 12. Nxd5 Bxd5 13. c3 O-O 14. Nd2 f5 15.
Nc4 f4 16. Bb6 Qd7 17. Bg4 Bxc4 18. Qxd7 Bxf1 19. Kxf1 e4 20. Qe6+ {Black
resigns} 1-0

[Event "Team 45 45 League T72"]
[Site "Internet Chess Club"]
[Date "2017.03.17"]
[Round "1"]
[White "fledermaus"]
[Black "laurenpar"]
[Result "1-0"]
[WhiteElo "1898"]
[BlackElo "1893"]
[Opening "Réti opening"]
[ECO "A96"]
[Time "21:00:34"]
[TimeControl "2700+45"]

1. Nf3 e6 2. c4 f5 3. g3 Nf6 4. Bg2 Be7 5. O-O O-O 6. Nc3 d6 7. d4 Nc6 8. d5 Ne5
9. Nxe5 dxe5 10. dxe6 Qxd1 11. Rxd1 c6 12. e4 Bxe6 13. exf5 Bxf5 14. Re1 Nd7 15.
Ne4 Nf6 16. Nxf6+ gxf6 17. Be3 a5 18. Bb6 a4 19. Red1 Be6 20. Bf1 f5 21. Rac1
Kf7 22. c5 Rfc8 23. Bc4 Bf8 24. Rd7+ Be7 25. Rxb7 Kf6 26. Bxe6 Kxe6 27. Rd1 Rab8
28. Ra7 Ra8 29. Rdd7 {Black resigns} 1-0

[Event "Team 45 45 League T72"]
[Site "Internet Chess Club"]
[Date "2017.03.17"]
[Round "1"]
[White "cadmiumorange"]
[Black "jonesey"]
[Result "1-0"]
[WhiteElo "1829"]
[BlackElo "1876"]
[Opening "Réti opening"]
[ECO "A04"]
[Time "14:00:23"]
[TimeControl "2700+45"]

1. Nf3 c5 2. g3 g6 3. Bg2 Bg7 4. O-O Nc6 5. d3 e6 6. e4 Nge7 7. Nbd2 O-O 8. Nh4
d6 9. f4 Bd7 10. c3 Rb8 11. a4 a6 12. Nc4 d5 13. Ne3 d4 14. cxd4 Nxd4 15. a5 b5
16. axb6 Qxb6 17. Nc4 Qb3 18. Qxb3 Rxb3 19. Rxa6 Bb5 20. Ra3 Rxd3 21. Rxd3 Bxc4
22. Rdd1 Ne2+ 23. Kf2 Nxc1 24. Rxc1 Bxf1 25. Kxf1 Bxb2 26. Rxc5 Ra8 27. Rc7 Kf8
28. Nf3 f6 29. e5 fxe5 30. Ng5 Ra1+ 31. Ke2 exf4 32. Nxe6+ Kf7 33. Nxf4 Be5 34.
Rc4 Ra2+ 35. Kf3 g5 36. Nd3 Bf6 37. h4 gxh4 38. gxh4 Rd2 39. Bf1 Nf5 40. Rc7+
Be7 41. h5 Nd4+ 42. Ke4 Ne6 43. Ne5+ Kf8 44. Rc8+ Kg7 45. Nf3 Kh6 46. Nxd2
{Black resigns} 1-0

[Event "Team 45 45 League T72"]
[Site "Internet Chess Club"]
[Date "2017.03.24"]
[Round "1"]
[White "LookImYourVader"]
[Black "cityprosecutor"]
[Result "0-1"]
[WhiteElo "1745"]
[BlackElo "1716"]
[Opening "Pirc: Holmov system"]
[ECO "B07"]
[Time "13:30:28"]
[TimeControl "2700+45"]

1. e4 d6 2. d4 Nf6 3. Nc3 g6 4. Bc4 Bg7 5. Qe2 Nc6 6. e5 Nd7 7. Bxf7+ Kxf7 8.
e6+ Ke8 9. exd7+ Bxd7 10. Be3 Nxd4 11. Bxd4 Bxd4 12. Nf3 Bxc3+ 13. bxc3 e5 14.
O-O Rf8 15. Rab1 b6 16. Nd4 Kf7 17. Qc4+ Kg7 18. Ne2 Bf5 19. f4 d5 20. Qa4 e4
21. Qd4+ Kg8 22. Rbd1 c6 23. c4 Bg4 24. Rde1 Qf6 25. Qxd5+ {White resigns} 0-1

[Event "Team 45 45 League T72"]
[Site "Internet Chess Club"]
[Date "2017.03.20"]
[Round "1"]
[White "volodia80"]
[Black "parrot9"]
[Result "1-0"]
[WhiteElo "1708"]
[BlackElo "1682"]
[Opening "Caro-Kann: Panov-Botvinnik attack"]
[ECO "B13"]
[Time "15:02:38"]
[TimeControl "2700+45"]

1. e4 c6 2. d4 d5 3. exd5 cxd5 4. c4 e6 5. Nc3 dxc4 6. Bxc4 a6 7. Nf3 b5 8. Bb3
Bb7 9. O-O Nf6 10. d5 Nxd5 11. Nxd5 Bxd5 12. Bxd5 Qxd5 13. Qxd5 exd5 14. Rd1 Be7
15. Rxd5 O-O 16. Bf4 Rd8 17. Rxd8+ Bxd8 18. Re1 Nd7 19. Re8+ Nf8 20. Bd6 Be7 21.
Rxa8 Bxd6 22. Rxa6 {Black resigns} 1-0

[Event "Team 45 45 League T72"]
[Site "Internet Chess Club"]
[Date "2017.03.18"]
[Round "1"]
[White "az2112"]
[Black "clarinetref"]
[Result "0-1"]
[WhiteElo "1664"]
[BlackElo "1577"]
[Opening "Robatsch defense: three pawns attack"]
[ECO "B06"]
[Time "10:03:43"]
[TimeControl "2700+45"]

1. e4 g6 2. d4 Bg7 3. f4 c6 4. Nf3 d5 5. e5 h5 6. Bd3 Nh6 7. Be3 Bf5 8. Nc3 Qb6
9. Qd2 Bxd3 10. Qxd3 Na6 11. O-O-O e6 12. h3 Nc7 13. Rdg1 Nf5 14. Bf2 Bh6 15.
Ng5 h4 16. g4 hxg3 17. Bxg3 Qxd4 18. h4 Qxd3 19. cxd3 d4 20. Nce4 Nd5 21. a3 Ke7
{White resigns} 0-1

[Event "Team 45 45 League T72"]
[Site "Internet Chess Club"]
[Date "2017.03.20"]
[Round "1"]
[White "kutch"]
[Black "ChessMaine"]
[Result "1-0"]
[WhiteElo "1527"]
[BlackElo "1467"]
[Opening "QGD: Lasker defense"]
[ECO "D56"]
[Time "19:14:16"]
[TimeControl "2700+45"]

1. d4 d5 2. c4 e6 3. Nc3 Nf6 4. Bg5 Be7 5. e3 O-O 6. Nf3 h6 7. Bh4 Ne4 8. Bxe7
Qxe7 9. Bd3 Nxc3 10. bxc3 Nd7 11. O-O a6 12. Qb3 dxc4 13. Qxc4 Nf6 14. a4 b6 15.
Qb3 Bb7 16. Ne5 Rfd8 17. c4 Ne4 18. Qc2 Nf6 19. Rfb1 Nd7 20. Nxd7 Rxd7 21. c5 c6
22. Rxb6 Qg5 23. Rab1 Qe7 24. a5 g6 25. R1b2 Ra7 26. Be4 Rc7 27. Qe2 f5 28. Bd3
Kg7 29. Bxa6 Bxa6 30. Rxa6 Rxa6 31. Qxa6 Ra7 32. Qb6 Qd7 33. a6 Kf6 34. g3 Qe7
35. Qxc6 Kg5 36. Rb7 {Black forfeits on time} 1-0

[Event "Team 45 45 League T72"]
[Site "Internet Chess Club"]
[Date "2017.03.19"]
[Round "1"]
[White "seattleblues"]
[Black "Visin"]
[Result "0-1"]
[WhiteElo "1339"]
[BlackElo "1216"]
[Opening "Queen's pawn game, Chigorin variation"]
[ECO "D02"]
[Time "06:05:57"]
[TimeControl "2700+45"]

1. d4 d5 2. Nf3 Nc6 3. Bf4 Nf6 4. Nbd2 e6 5. e3 Bd6 6. Ne5 Nd7 7. Nxc6 bxc6 8.
Bxd6 cxd6 9. Bd3 O-O 10. O-O e5 11. c3 e4 12. Bc2 Nf6 13. f3 Re8 14. fxe4 dxe4
15. Nc4 Ba6 16. Nd2 Bxf1 17. Nxf1 d5 18. Ng3 g6 19. Qd2 Nd7 20. Rf1 Re6 21. Bd1
Rf6 22. Re1 c5 23. Nh1 c4 24. Nf2 Rb6 25. b4 cxb3 26. Bxb3 Nf6 27. Nh3 Nh5 28.
Nf2 f5 29. Nd1 Rab8 30. Qc2 f4 31. Nb2 Rf6 32. Na4 fxe3 33. Rxe3 Qd6 34. Nc5 Ng7
35. Ba4 Qf4 36. Re1 Rd8 37. Bb5 Ne6 38. Rf1 Qe3+ 39. Kh1 Rxf1+ 40. Bxf1 Nxc5 41.
dxc5 Qxc5 {White resigns} 0-1

[Event "Team 45 45 League T72"]
[Site "Internet Chess Club"]
[Date "2017.03.23"]
[Round "1"]
[White "Aquaman"]
[Black "Conjurer"]
[Result "1-0"]
[WhiteElo "1396"]
[BlackElo "1307"]
[Opening "Réti opening"]
[ECO "A05"]
[Time "15:36:49"]
[TimeControl "2700+45"]

1. Nf3 Nf6 2. g3 c5 3. Bg2 Nc6 4. O-O g6 5. d3 Bg7 6. Nbd2 O-O 7. Re1 b5 8. e4
Bb7 9. Rb1 Rc8 10. Nf1 e6 11. Bf4 d6 12. e5 Nd5 13. Bg5 Qc7 14. exd6 Qxd6 15.
Qd2 Nd4 16. Bh6 Bxh6 17. Qxh6 Nxf3+ 18. Bxf3 Rc7 19. a3 Ne7 20. Bxb7 Rxb7 21.
Qc1 Nf5 22. Nd2 Nh6 23. Ne4 Qd5 24. Nf6+ {Black resigns} 1-0

[Event "Team 45 45 League T72"]
[Site "Internet Chess Club"]
[Date "2017.03.19"]
[Round "1"]
[White "idjit"]
[Black "KnightmanAJ"]
[Result "1-0"]
[WhiteElo "1554"]
[BlackElo "1434"]
[Opening "Giuoco Piano"]
[ECO "C54"]
[Time "11:00:45"]
[TimeControl "2700+45"]

1. e4 e5 2. Nf3 Nc6 3. Bc4 Bc5 4. c3 Nf6 5. d3 d6 6. Nbd2 a6 7. Nf1 Be6 8. Bb3
Qd7 9. Ng3 O-O-O 10. O-O h5 11. Nh4 g5 12. Bxg5 Qe7 13. Qf3 Rhg8 14. Bxf6 Qd7
15. Bxd8 Qxd8 16. Bxe6+ fxe6 17. Qf7 Re8 18. Nf3 h4 19. Nxh4 Re7 20. Qh5 Qg8 21.
Qe2 Qg5 22. Nf3 Qh6 23. d4 exd4 24. cxd4 Nxd4 25. Nxd4 Bxd4 26. Rac1 Rh7 27. h3
Qg6 28. Kh1 Rg7 29. Qd2 Bxf2 30. Qxf2 Qxg3 31. Qf8+ Kd7 32. Rf7+ Rxf7 33. Qxf7+
Kc8 34. Qe8# {Black checkmated} 1-0

[Event "Team 45 45 League T72"]
[Site "Internet Chess Club"]
[Date "2017.03.19"]
[Round "1"]
[White "yuanbao2007"]
[Black "crazyhorses"]
[Result "1/2-1/2"]
[WhiteElo "1157"]
[BlackElo "1354"]
[Opening "Queen's gambit accepted"]
[ECO "D20"]
[Time "11:06:36"]
[TimeControl "2700+45"]

1. d4 d5 2. c4 dxc4 3. Nc3 Nf6 4. e4 e5 5. Nf3 exd4 6. Qxd4 Qxd4 7. Nxd4 c5 8.
Ndb5 Na6 9. Bxc4 Be7 10. O-O O-O 11. f4 b6 12. Bd5 Nxd5 13. Nxd5 Bd8 14. Rd1 Bb7
15. f5 Bc6 16. Nd6 Nc7 17. Nxc7 Bxc7 18. e5 Rad8 19. Bf4 Bb8 20. Rd3 Rd7 21. g4
Rfd8 22. Rd2 {Game drawn by mutual agreement} 1/2-1/2

[Event "Team 45 45 League T72"]
[Site "Internet Chess Club"]
[Date "2017.03.16"]
[Round "1"]
[White "rkjulianjr"]
[Black "Striker3000"]
[Result "0-1"]
[WhiteElo "1308"]
[BlackElo "1442"]
[Opening "King's Indian: Sämisch, 5...O-O"]
[ECO "E81"]
[Time "18:01:20"]
[TimeControl "2700+45"]

1. d4 Nf6 2. c4 g6 3. f3 Bg7 4. e4 d6 5. Nc3 O-O 6. Be3 Nbd7 7. Nge2 e5 8. d5 a5
9. Qd2 Nc5 10. Ng3 Ne8 11. Be2 f5 12. f4 fxe4 13. Ngxe4 Nxe4 14. Nxe4 Bf5 15.
Bd3 Bxe4 16. Bxe4 Nf6 17. Bf3 Nd7 18. O-O Nc5 19. fxe5 Bxe5 20. Bd4 Bxd4+ 21.
Qxd4 Qf6 22. Rad1 Qxd4+ 23. Rxd4 Rae8 24. Rdd1 Nd7 25. a3 Ne5 26. Be4 Nxc4 27.
Bf3 Ne3 28. Rc1 Nxf1 29. Kxf1 Re7 30. Kg1 Rf4 31. h3 Rd4 32. Kh2 Rd2 33. b4 axb4
34. axb4 Rb2 35. Rc4 b5 36. Rd4 Kg7 37. Rf4 Rf7 38. Rd4 Rxf3 {White resigns} 0-1

[Event "Team 45 45 League T72"]
[Site "Internet Chess Club"]
[Date "2017.03.16"]
[Round "1"]
[White "Uku"]
[Black "liujf"]
[Result "0-1"]
[WhiteElo "1220"]
[BlackElo "1578"]
[Opening "Giuoco Piano"]
[ECO "C54"]
[Time "19:00:45"]
[TimeControl "2700+45"]

1. e4 e5 2. Nf3 Nc6 3. Bc4 Bc5 4. c3 Nf6 5. Qe2 O-O 6. d3 h6 7. Be3 Bxe3 8. Qxe3
Re8 9. h3 d5 10. Bb3 dxe4 11. dxe4 Be6 12. Nbd2 Qd7 13. O-O Nh5 14. Rad1 Rad8
15. Rfe1 Nf4 16. Bxe6 Qxe6 17. b3 Qg6 18. g3 Nxh3+ 19. Kg2 Ng5 20. Nxg5 Qxg5 21.
Qxg5 hxg5 22. Rh1 f6 23. Nf3 g4 24. Nd2 Rd7 25. Nc4 Red8 26. Rxd7 Rxd7 27. Re1
g6 28. Kf1 Kf7 29. Ke2 f5 30. Ke3 Kf6 31. Re2 Ke6 32. Rd2 Rxd2 33. Nxd2 Kf6 34.
f4 gxf3 35. Kxf3 Kg5 36. Nf1 Ne7 37. Ne3 fxe4+ 38. Kxe4 Kf6 39. Ng4+ Kg5 40.
Nxe5 Nc6 41. Nxc6 bxc6 42. Kf3 Kf5 43. c4 g5 44. g4+ Ke5 45. Ke3 c5 46. a3 a5
47. a4 c6 48. Kf3 Kd4 49. Kg3 Kc3 50. Kf3 Kxb3 51. Ke4 Kxa4 52. Kf5 Kb4 53. Kxg5
a4 54. Kh6 a3 55. g5 a2 56. g6 a1=Q 57. g7 Qa8 58. Kh7 Kxc4 59. g8=Q+ Qxg8+ 60.
Kxg8 Kd3 61. Kf7 c4 62. Ke6 c3 63. Kd6 c2 64. Kxc6 c1=Q+ 65. Kd5 Qc4+ 66. Ke5
Ke3 67. Kf5 Qf4+ 68. Ke6 Qg5 69. Kd6 Kd4 70. Kc6 Qd5+ 71. Kb6 Kc4 72. Ka6 Qb5+
73. Ka7 Kc5 74. Ka8 Kc6 75. Ka7 Qb7# {White checkmated} 0-1

[Event "Team 45 45 League T72"]
[Site "Internet Chess Club"]
[Date "2017.03.19"]
[Round "1"]
[White "MarcB"]
[Black "VictorRed"]
[Result "1-0"]
[WhiteElo "1689"]
[BlackElo "1679"]
[Opening "Sicilian: Marshall variation"]
[ECO "B41"]
[Time "19:30:29"]
[TimeControl "2700+45"]

1. e4 c5 2. Nf3 e6 3. d4 d5 4. Nc3 cxd4 5. Nxd4 Nf6 6. exd5 Nxd5 7. Nxd5 Qxd5 8.
Be3 Bd7 9. Nb3 Qe5 10. Qd4 Qxd4 11. Bxd4 Nc6 12. Bb5 a6 13. Bxc6 Bxc6 14. O-O
O-O-O 15. Rad1 Be4 16. Rfe1 Bd5 17. Rd3 Rg8 18. Bb6 Rd7 19. Red1 Bc6 20. Rxd7
Bxd7 21. Rd3 g6 22. Rc3+ Bc6 23. Na5 Kd7 24. Rd3+ Ke7 25. Bd8+ Ke8 26. Nxc6 bxc6
27. Bc7 Be7 28. Rb3 Kd7 29. Rb7 Rf8 30. Be5+ Kd8 31. Ra7 f6 32. Bc3 Re8 33. Ba5+
Kc8 34. Rc7+ Kb8 35. Rxc6 Bd8 36. Bxd8 Rxd8 37. g3 Rd2 38. Kf1 Kb7 39. Rc3 Rd6
40. a4 e5 41. Ke2 Rd4 42. b3 h5 43. Rd3 Re4+ 44. Kf3 Rb4 45. Rd6 Rb6 46. Rxb6+
Kxb6 47. b4 Kc6 48. c4 f5 49. h4 Kd6 50. Ke3 Kc6 51. a5 Kd6 52. f3 Kc6 53. Kd3
Kd6 54. b5 {Black resigns} 1-0

[Event "Team 45 45 League T72"]
[Site "Internet Chess Club"]
[Date "2017.03.18"]
[Round "1"]
[White "Heian"]
[Black "fireball"]
[Result "1-0"]
[WhiteElo "1667"]
[BlackElo "1590"]
[Opening "French: exchange variation"]
[ECO "C01"]
[Time "15:02:43"]
[TimeControl "2700+45"]

1. e4 e6 2. d4 d5 3. exd5 exd5 4. Nf3 Nf6 5. Bd3 Be7 6. O-O O-O 7. Ne5 Ne4 8. c3
f6 9. Bxe4 fxe5 10. Bc2 exd4 11. cxd4 Bg5 12. Qh5 h6 13. f4 Bf6 14. Be3 Nc6 15.
Nc3 Nxd4 16. Bg6 Be6 17. Rad1 c5 18. Kh1 Qd7 19. h3 Rad8 20. f5 Bf7 21. Bxh6
gxh6 22. Qxh6 Bxg6 23. fxg6 Qg7 24. Qh5 Be5 25. Rxf8+ Rxf8 26. Nxd5 Nf5 27. Qg4
Ng3+ 28. Kg1 Bd4+ 29. Kh2 Nf1+ 30. Kh1 Rd8 31. Qe6+ Kh8 32. Rxf1 Rg8 33. Ne7 Re8
34. Rf7 Rxe7 35. Qxe7 Qxg6 36. Rf8+ Qg8 37. Rxg8+ Kxg8 38. Qxb7 {Black resigns}
1-0

[Event "Team 45 45 League T72"]
[Site "Internet Chess Club"]
[Date "2017.03.18"]
[Round "1"]
[White "nidusin2"]
[Black "QuieroAprender"]
[Result "0-1"]
[WhiteElo "1558"]
[BlackElo "1549"]
[Opening "QGD Slav/Grünfeld: Schlechter variation"]
[ECO "D90"]
[Time "20:00:31"]
[TimeControl "2700+45"]

1. d4 Nf6 2. Nf3 g6 3. c4 d5 4. Nc3 c6 5. Bf4 dxc4 6. a4 Nd5 7. Bg3 Nxc3 8. bxc3
b5 9. axb5 cxb5 10. Qb1 a6 11. Be5 f6 12. Bg3 Bg7 13. e3 Bb7 14. Be2 O-O 15. h4
e5 16. Bxc4+ Kh8 17. Be2 e4 18. Nd2 f5 19. c4 f4 20. Bxf4 Rxf4 21. exf4 Qxd4 22.
Ra3 Bf8 23. Re3 Bc5 24. Nb3 Bb4+ 25. Kf1 Qf6 26. Qa1 Qxa1+ 27. Nxa1 Bd2 28. Rb3
b4 29. Nc2 a5 30. Ne3 a4 31. Rb1 b3 32. g3 Bc3 33. Kg2 Nd7 34. Rhc1 Bf6 35. Nd1
Nc5 36. Nc3 Nd3 37. Kf1 Nxc1 38. Rxc1 b2 39. Rb1 Bxc3 {White resigns} 0-1

[Event "Team 45 45 League T72"]
[Site "Internet Chess Club"]
[Date "2017.03.18"]
[Round "1"]
[White "AdithJosh"]
[Black "zap2"]
[Result "1-0"]
[WhiteElo "1678"]
[BlackElo "1733"]
[Opening "Philidor: Improved Hanham variation"]
[ECO "B07"]
[Time "10:05:35"]
[TimeControl "2700+45"]

1. e4 d6 2. d4 Nf6 3. Nc3 e5 4. Nf3 Nbd7 5. Be2 g6 6. Be3 Bg7 7. Qd2 h6 8. h3 c6
9. a4 Qe7 10. O-O exd4 11. Bxd4 O-O 12. Bd3 Ne5 13. Nxe5 dxe5 14. Be3 Kh7 15.
Rad1 Be6 16. Ne2 Nxe4 17. Bxe4 f5 18. Qc3 fxe4 19. Bc5 Qh4 20. Bxf8 Rxf8 21. Qg3
Qh5 22. Nc3 Rf4 23. Rfe1 Bf6 24. Qe3 Bh4 25. Nxe4 Bd5 26. Ng3 Qg5 27. c4 Rxc4
28. Qxg5 Bxg5 29. Rxe5 Rxa4 30. f3 Bf6 31. Re2 b5 32. Ne4 Bd4+ 33. Kh1 a5 34.
Red2 Bg7 35. Kg1 Ra2 36. Nd6 Be5 37. Nxb5 Bf4 38. Re2 Ra4 39. Nc3 Rc4 40. Nxd5
cxd5 41. Rxd5 h5 42. Kf2 a4 43. g3 Bc1 44. f4 Rb4 45. Rd7+ Kh6 46. Rc7 Bxb2 47.
Ree7 g5 48. Rc6+ {Black resigns} 1-0